 Dungeon Crawl Stone Soup version 0.28.0-45-g0d030f2227 (webtiles) character file.

Game seed: 8559169996270971905

13 NinjaNoafa the Caller (level 2, 0/19 HPs)
             Began as a Merfolk Summoner on Apr 17, 2022.
             Succumbed to a kobold's poison
             ... on level 2 of the Dungeon.
             The game lasted 00:03:27 (1204 turns).

NinjaNoafa the Caller (Merfolk Summoner)            Turns: 1204, Time: 00:03:27

Health: 0/19       AC:  2    Str:  8    XL:     2   Next: 37%
Magic:  2/5        EV: 13    Int: 14    God:
Gold:   42         SH:  0    Dex: 14    Spells: 4/5 levels left

rFire   . . .      SeeInvis .   (no weapon)
rCold   . . .      Faith    .   (no shield)
rNeg    . . .      Spirit   .   a - +0 robe
rPois   .          Reflect  .   (no helmet)
rElec   .          Harm     +   g - scarf {harm}
rCorr   .          Rampage  .   (no gloves)
Will    .....                   (no boots)
Stlth   ++........              d - amulet of regeneration
HPRegen 0.86/turn               (no ring)
MPRegen 0.09/turn               (no ring)

@: lethally poisoned (0 -> -11), very slightly contaminated
A: (nimble swimmer 2), mertail
a: no special abilities


You were on level 2 of the Dungeon.
You visited 1 branch of the dungeon, and saw 2 of its levels.

You collected 42 gold pieces.

Inventory:

Hand Weapons
 c - a +0 club
Missiles
 b - 101 stones
Armour
 a - a +0 robe (worn)
 g - a scarf of harm (worn)
Jewellery
 d - an amulet of regeneration (around neck)
Scrolls
 e - a scroll of identify
 h - 4 scrolls of amnesia
 i - 2 scrolls of vulnerability {unknown}


   Skills:
 * Level 3.0 Dodging
 + Level 2.5 Stealth
 * Level 2.2 Spellcasting
 * Level 4.1 Summonings
 + Level 0.1 Translocations


You had 4 spell levels left.
You knew the following spells:

 Your Spells              Type           Power      Damage    Failure   Level
a - Summon Small Mammal   Summ           52%        N/A       4%          1

Your spell library contained the following spells:

 Spells                   Type           Power      Damage    Failure   Level
 Call Imp                 Summ           13%        N/A       6%          2
 Call Canine Familiar     Summ           13%        N/A       13%         3
 Summon Guardian Golem    Hex/Summ       7%         N/A       30%         3
 Gell's Gravitas          Tloc           1%         N/A       56%         3
 Ozocubu's Armour         Ice            1%         N/A       56%         3
 Teleport Other           Tloc           1%         N/A       56%         3
 Summon Lightning Spire   Summ/Air       7%         N/A       69%         4
 Metabolic Englaciation   Hex/Ice        0%         N/A       100%        5
 Dispersal                Tloc           0%         N/A       100%        6
 Simulacrum               Ice/Necr       0%         N/A       100%        6


Dungeon Overview and Level Annotations

Branches:
Dungeon (2/15)

Altars:


Innate Abilities, Weirdness & Mutations

((You are very nimble when in or above water. (Stealth+, EV+, Speed+++)))
Your lower body shifts to a powerful aquatic tail in water.


Message History

You feel sick.
Casting: Summon Small Mammal (safe; 4% risk of failure)
Confirm with . or Enter, or press ? or * to list all spells.
You feel sick.
You feel sick. The adder misses you.
A kobold comes into view.
It is wielding a +2 short sword of venom.
You feel sick.
You are no longer poisoned.
Your bat barely misses the adder.
The adder bites your bat.
Your bat dies!
Your bat's corpse disappears in a puff of smoke!
Casting: Summon Small Mammal (safe; 4% risk of failure)
Confirm with . or Enter, or press ? or * to list all spells.
You miscast Summon Small Mammal.
You are very lightly contaminated with residual magic.
Nothing appears to happen.
Casting: Summon Small Mammal (safe; 4% risk of failure)
Confirm with . or Enter, or press ? or * to list all spells.
You miscast Summon Small Mammal.
Nothing appears to happen.
The adder misses you.
The kobold hits you with a +2 short sword of venom.
You are lethally poisoned!
* * * LOW HITPOINT WARNING * * *
You feel very sick.
The kobold hits you with a +2 short sword of venom.
* * * LOW HITPOINT WARNING * * *
You are more poisoned.
The adder completely misses you.
It was a potion of heal wounds.
You feel much better.
You feel very sick.
The kobold hits you with a +2 short sword of venom.
You are lethally poisoned!
The adder bites you.
* * * LOW HITPOINT WARNING * * *
You feel very sick. The kobold closely misses you.
As you read the scroll labelled VAHUSU NAEDUON, it crumbles to dust.
It is a scroll of identify.
h - 4 scrolls of amnesia You die...

..## [..#####
.......###########
....###..........####...
..#.# #...†..^........#
.##.###.####......######
.###...#####.###........
.# ##.##.....# #.......#
. #.##.###.###@######
#.##.###.<.KS##
#.....###.##..# ####..#
#.###.# # #..# #.# #.#
##.####..# #.# #.#
...[..#..###.# #.#
#.<......# #.#
#.####..##..###.#


You could see an adder and a kobold.

Vanquished Creatures (collateral kills)
  A ball python (D:1)
  A giant cockroach (D:1)
  3 goblins (D:1)
  2 hobgoblins (D:1)
  A bat (D:1)
  2 kobolds
  2 rats
12 creatures vanquished.

Notes
Turn   | Place    | Note
-------+----------+-------------------------------------------
     0 | D:1      | NinjaNoafa the Merfolk Summoner began the quest for the
                  | Orb.
     0 | D:1      | Reached XP level 1. HP: 13/13 MP: 3/3
   190 | D:1      | Reached XP level 2. HP: 19/19 MP: 1/5
  1204 | D:2      | Succumbed to a kobold's poison

Illustrated notes

Levels and vault maps discovered:
D:1:      saegor_arrival_simple_e, layout_loops_ring,
          amcnicky_mini_rare_corridor_liquid
D:2:      layout_loops_ring, basic_altar, grunt_decor_fettered,
          minmay_octomino_j4

Skill      XL: |  1  2 |
---------------+-------+-----
Dodging        | 3 |  3.0
Stealth        | |  2.5
Spellcasting   | |  2.2
Summonings     | |  4.1
Translocations | |  0.1

Action                   || total
-------------------------++-------
 Cast: Summon Small Mamm ||    31
  Use: Scroll            ||     1
       Potion            ||     1
Armor: Robe              ||     4
Dodge: Dodged            ||    30
